AoeStats
← ikaradayi976

Oasis

510133552Analyzed
4v4 RM · 4d ago on Sep 29, 2026· 18m 58s· 8 players
Game mode
Random Map
Map size
Large (8 player)
Population
200
Speed
Normal
Resources
Standard
Victory
Conquest
Starting age
Dark Age
Ending age
Imperial Age
RankedLock teamsTeams togetherTeam positionsShared explorationLock speedFull tech treeHidden civsTurbo modeCheats
Victory
Defeat
🇹🇼 Ethiopians · Taiwan
1354
+11
🇹🇼 Franks · Taiwan
1354
+11
🇺🇸 Varangians · United States
1150
+18
1130
+19
🇨🇴 Bohemians · Colombia
1275
-17
🇫🇷 Persians · France
1252
-16
🇲🇽 Huns · Mexico
1207
-14
🇹🇷 Mongols · Türkiye
1154
-12
Cris'
6:44 Loom
11:46 Feudal Age
Sahraoui
6:42 Loom
9:05 Feudal Age
9:26 Double-Bit Axe
9:46 Horse Collar
11:56 Wheelbarrow
b² - 4ac
11:22 Feudal Age
16:32 Castle Age
ikaradayi976
2:27 Loom
9:53 Feudal Age
10:37 Double-Bit Axe
13:51 Fletching
14:33 Padded Archer Armor
15:03 Horse Collar
18:09 Wheelbarrow
Bubble Formation
9:31 Loom
11:38 Feudal Age
15:15 Castle Age
16:24 Double-Bit Axe
18:05 Scale Mail Armor
kfcman5566
7:07 Loom
9:43 Feudal Age
10:14 Double-Bit Axe
10:25 Gold Mining
12:53 Fletching
17:36 Horse Collar
J'aimeTropTonBoule [French]
7:14 Loom
9:55 Feudal Age
16:52 Castle Age
CodyRay
2:46 Loom
9:20 Feudal Age
10:04 Double-Bit Axe
16:08 Wheelbarrow
19:27 Castle Age
19:32 Scale Barding Armor
19:38 Forging
Connection lost

Rejoining the realm…

Still unreachable

The connection could not be restored.

Session expired

The server has moved on; the page needs a fresh start.